Map: Dusk Towers

Players

Che - Winner!

  • Race: Terran Terran
  • League: Bronze

photon

  • Race: Protoss Protoss

VOD

Have the link to the VOD?

Description

TvP for Reddit

Time

  • Played on: Dec. 7, 2015, 10:49 p.m.
  • Length: 15:57
Show
View Real Time Build Order
Export as new Build Order

Che Terran - Winner!

Build Orders: MMM Bio 

Get SALT Encoding   

  12  0:01  SCV  
  13  0:15  SCV  
  14  0:26  Supply Depot  
  14  0:27  SCV  
  15  0:48  SCV  
  16  0:51  Barracks  
  16  1:00  SCV  
  16  1:03  Refinery  
  17  1:12  SCV  
  18  1:24  SCV  
  19  1:38  SCV  
  20  1:40  Supply Depot, Barracks Tech Lab  
  21  1:55  Orbital Command  
  21  1:56  Command Center  
  20  2:07  Supply Depot  
  20  2:09  Marine  
  21  2:21  SCV  
  21  2:22  Refinery  
  22  2:27  Marine  
  23  2:33  SCV  
  24  2:45  SCV  
  24  2:46  Marauder  
  27  2:58  SCV  
  28  3:06  Marine  
  29  3:15  SCV  
  29  3:18  Supply Depot  
  30  3:24  Marine  
  31  3:28  SCV  
  32  3:40  SCV  
  33  3:42  Marine  
  33  3:45  Factory  
  34  3:52  SCV  
  35  4:00  Marauder  
  35  4:01  SCV  
  35  4:02  Barracks  
  38  4:11  Stimpack  
  38  4:13  SCV x2  
  40  4:18  Refinery  
  40  4:21  Marine  
  41  4:25  SCV x2  
  43  4:38  SCV  
  44  4:39  Marine  
  45  4:54  SCV  
  45  4:57  SCV, Starport  
  47  5:00  Barracks  
  47  5:07  Supply Depot  
  47  5:08  SCV  
  47  5:09  SCV, Marine  
  47  5:11  Barracks Tech Lab  
  50  5:20  SCV  
  51  5:27  Marine  
  52  5:29  Supply Depot  
  52  5:30  Marine  
  53  5:36  Medivac  
  53  5:38  SCV  
  53  5:41  Engineering Bay  
  53  5:42  SCV  
  57  5:45  Marine  
  57  5:47  Marine  
  57  5:48  Marine  
  60  5:52  Supply Depot  
  60  5:54  SCV  
  61  6:02  Marine  
  55  6:04  Marine  
  55  6:05  Marine  
  55  6:06  SCV  
  56  6:15  Barracks  
  56  6:20  Marine  
  56  6:22  Marine  
  56  6:23  Marine  
  59  6:31  Starport Tech Lab  
  59  6:33  Terran Infantry Weapons Level 1  
  59  6:34  SCV  
  59  6:38  Marine  
  61  6:40  Marine  
  61  6:41  Marine  
  63  6:52  SCV  
  63  6:53  Command Center  
  64  6:55  SCV  
  64  6:56  Marine  
  64  6:59  Refinery, Marine  
  68  7:02  Barracks Tech Lab, Barracks  
  68  7:03  Barracks Tech Lab  
  68  7:07  Medivac  
  69  7:14  Reaper  
  70  7:17  Marine  
  71  7:23  Starport  
  71  7:25  SCV  
  71  7:27  SCV  
  73  7:34  Marine  
  74  7:38  Combat Shields  
  74  7:42  Medivac  
  76  7:46  Marauder  
  76  7:48  Marine  
  76  7:49  Marauder x2  
  83  7:53  Marauder  
  83  7:56  Supply Depot  
  85  8:06  Marine  
  85  8:07  Factory Tech Lab  
  85  8:11  Viking, Medivac  
  90  8:17  SCV  
  90  8:19  Supply Depot  
  91  8:28  Terran Infantry Armor Level 1  
  91  8:41  Viking, Medivac  
  91  8:42  Supply Depot  
  91  8:46  SCV  
  96  8:57  Concussive Shells  
  96  8:58  SCV  
  96  9:00  Refinery  
  97  9:03  Refinery  
  97  9:05  Marine x2  
  97  9:06  Supply Depot, Marauder x2, Marine  
  104  9:10  SCV  
  104  9:11  Viking x2  
  109  9:17  Armory  
  109  9:22  SCV  
  109  9:23  Marine  
  115  9:24  Marauder x2  
  115  9:27  Marine x2  
  115  9:30  SCV  
  118  9:41  Viking, Marine  
  118  9:42  SCV  
  118  9:45  Marauder x2, Marine  
  128  9:46  Marauder  
  127  9:54  SCV  
  122  10:06  Marauder  
  122  10:07  Marauder x3  
  128  10:10  Marine  
  128  10:11  SCV  
  130  10:17  Terran Vehicle Weapons Level 1  
  130  10:21  Viking, Terran Infantry Weapons Level 2  
  132  10:23  SCV  
  133  10:30  Supply Depot  
  133  10:40  SCV  
  133  10:41  SCV, Marine, Fusion Core  
  132  10:45  Marauder  
  132  10:46  Marauder  
  132  10:47  Marauder  
  133  10:50  Marauder  
  133  10:51  Thor  
  133  10:52  Viking  
  133  10:53  SCV  
  133  10:54  Supply Depot  
  139  10:59  Marine  
  140  11:04  SCV  
  141  11:12  Command Center  
  141  11:15  SCV, Marine x4  
  141  11:16  SCV  
  141  11:17  Supply Depot, Marine  
  148  11:21  Supply Depot  
  148  11:27  SCV  
  149  11:39  SCV, Marauder x3, Marine  
  157  11:41  Supply Depot  
  157  11:43  SCV, Viking  
  157  11:44  Supply Depot, Medivac  
  162  11:55  SCV  
  163  12:04  Supply Depot  
  163  12:07  SCV, Supply Depot  
  164  12:11  Terran Vehicle And Ship Armor Level 1  
  164  12:13  Medivac  
  164  12:14  Medivac  
  168  12:18  Marine x3  
  168  12:19  Marauder, Marine  
  174  12:28  Supply Depot  
  172  12:36  Marine  
  179  12:37  Terran Infantry Armor Level 2, Marauder x3  
  179  12:40  Marine  
  179  12:43  Medivac  
  179  12:44  Medivac  
  176  12:58  Reaper, Marine x4  
  179  13:13  Viking  
  179  13:16  Marauder x2, Marine  
  179  13:17  Marauder  
  188  13:29  Battlecruiser  
  188  13:30  Marine  
  197  13:34  Marauder  
  197  13:37  Marine  
  197  13:38  Marauder  
  200  13:49  Orbital Command  
  200  14:04  Starport Tech Lab  
  184  15:27  Marine  
  184  15:28  Marine x3  
Show
View Real Time Build Order
Export as new Build Order

photon Protoss 

Build Orders:  

Get SALT Encoding   

  12  0:04  Probe (Chrono Boost)  
  13  0:13  Assimilator  
  13  0:19  Assimilator  
  13  0:22  Probe (Chrono Boost)  
  14  0:32  Pylon  
  14  0:38  Probe (Chrono Boost)  
  15  0:51  Probe (Chrono Boost), Pylon  
  16  1:01  Probe (Chrono Boost)  
  17  1:06  Pylon  
  17  1:12  Probe (Chrono Boost)  
  18  1:21  Gateway  
  18  1:23  Probe (Chrono Boost)  
  19  1:34  Probe (Chrono Boost)  
  20  1:44  Probe (Chrono Boost)  
  21  1:49  Gateway  
  21  1:55  Gateway  
  21  2:00  Pylon  
  22  2:08  Probe (Chrono Boost)  
  22  2:21  Cybernetics Core  
  22  2:25  Zealot  
  24  2:52  Probe (Chrono Boost), Zealot  
  27  3:01  Nexus  
  27  3:12  Gateway, Warp Gate  
  27  3:20  Stalker  
  29  3:50  Stalker x2  
  29  3:52  Stalker  
  35  4:15  Probe (Chrono Boost)  
  36  4:20  Stalker x2  
  40  4:25  Probe (Chrono Boost)  
  41  4:35  Mothership Core (Chrono Boost)  
  41  4:36  Probe (Chrono Boost)  
  44  4:46  Probe (Chrono Boost)  
  44  4:50  Stalker x2  
  49  4:57  Probe (Chrono Boost)  
  50  5:06  Protoss Air Armor Level 1  
  50  5:20  Stalker  
  48  6:08  Probe (Chrono Boost)  
  49  6:19  Probe (Chrono Boost)  
  49  6:23  Stalker  
  49  6:25  Stalker  
  54  6:26  Stalker  
  54  6:29  Probe (Chrono Boost)  
  57  6:38  Forge  
  57  6:43  Gateway  
  57  6:57  Stalker x2  
  61  7:05  Pylon  
  61  7:10  Pylon  
  61  7:23  Pylon  
  61  7:24  Stalker  
  61  7:25  Stalker x2  
  61  7:26  Stalker  
  69  7:38  Protoss Shields Level 1  
  69  7:54  Pylon  
  69  8:06  Probe (Chrono Boost)  
  70  8:14  Assimilator  
  70  8:16  Probe (Chrono Boost)  
  70  8:19  Assimilator  
  72  8:27  Probe (Chrono Boost)  
  72  8:35  Stalker  
  72  8:36  Stalker  
  72  8:37  Stalker x2, Probe (Chrono Boost)  
  72  8:39  Stalker  
  83  8:48  Probe (Chrono Boost)  
  84  9:33  Protoss Ground Armor Level 1  
  84  9:35  Stalker x2  
  84  9:36  Stalker  
  84  9:37  Stalker  
  92  9:39  Stalker  
  71  10:02  Stalker x2  
  71  10:03  Stalker x2  
  71  10:04  Stalker  
  39  11:06  Stalker  
  41  11:23  Robotics Facility  
  41  11:35  Probe (Chrono Boost)  
  42  11:45  Stalker x2  
  42  11:46  Stalker, Probe (Chrono Boost)  
  42  11:47  Stalker x2  
  53  11:57  Probe (Chrono Boost)  
  54  12:07  Probe (Chrono Boost)  
  55  12:09  Stalker  
  55  12:11  Stalker x2  
  55  12:12  Stalker  
  63  12:18  Probe (Chrono Boost)  
  64  12:26  Immortal  
  48  13:24  Robotics Bay  
  48  13:29  Stalker  
  48  13:30  Stalker x2  
  54  13:40  Probe (Chrono Boost)  
  55  13:51  Probe (Chrono Boost)  
  56  14:15  Nexus  
  56  14:21  Stalker  
  56  14:22  Stalker  
  60  14:27  Probe (Chrono Boost)  
  61  14:38  Probe (Chrono Boost)  
  62  14:48  Probe (Chrono Boost)  
Tags
 
Composition
MMM Bio
League
Bronze
Matchup
PvT
Add a new tag
Caveats
  • Supply blocks, unpowered buildings, or Contaminate may cause inaccurate times.
  • Supply counts are checked every 10 seconds.